 Dungeon Crawl Stone Soup version 0.23.2-40-g277498a001 (webtiles) character file.

Game seed: 5646330559621915235

151 Aggronaut the Bolt Thrower (level 5, -4/30 HPs)
             Began as a Kobold Hunter on Sept 30, 2019.
             Slain by a gnoll
             ... wielding a +0 halberd
              (13 damage)
             ... on level 3 of the Dungeon.
             The game lasted 00:09:14 (2425 turns).

Aggronaut the Bolt Thrower (Kobold Hunter)          Turns: 2425, Time: 00:09:14

Health: -4/30      AC:  7    Str:  8 (11) XL:     5   Next: 59%
Magic:  5/5        EV: 12    Int: 11 (12) God:
Gold:   130        SH:  0    Dex: 13 (15) Spells: 4/4 levels left

rFire    . . .     SeeInvis .   b - +1 short sword
rCold    . . .     Gourm    .   (shield restricted)
rNeg     . . .     Faith    .   s - +0 ring mail
rPois    .         Spirit   .   r - +1 helmet
rElec    .         Reflect  .   (no cloak)
rCorr    .         Harm     .   (no gloves)
MR       .....                  (no boots)
Stlth    ++........             (no amulet)
HPRegen  0.10/turn              (no ring)
MPRegen  0.09/turn              (no ring)

@: hasted, very quick
A: small, carnivore
a: no special abilities


You were on level 3 of the Dungeon.
You were completely stuffed.

You visited 1 branch of the dungeon, and saw 4 of its levels.

You collected 130 gold pieces.

Inventory:

Hand Weapons
 a - a +1 hand crossbow
 b - a +1 short sword (weapon)
 k - a +0 club
Missiles
 d - 25 bolts
Armour
 c - a +0 leather armour
 r - a +1 helmet (worn)
 s - a +0 ring mail (worn)
Scrolls
 j - 4 scrolls of identify
 m - 2 scrolls of remove curse
 t - a scroll of fear {unknown}
Potions
 e - a potion of degeneration
 h - 2 potions of heal wounds
 n - a potion of might {unknown}
 o - a potion of brilliance {unknown}
 p - 2 potions of curing {unknown}
 q - a potion of mutation {unknown}
Comestibles
 f - 9 rations


   Skills:
 - Level 2.2 Fighting
 + Level 1.4 Short Blades
 * Level 7.0 Crossbows
 - Level 2.4 Dodging
 + Level 3.5 Stealth


You had 4 spell levels left.
You didn't know any spells.
Your spell library was empty.

Dungeon Overview and Level Annotations

Branches:
Dungeon (4/15)
 Temple: D:4-7

Altars:
Elyvilon
Fedhas

Shops:
D:4 =

Annotations:
D:3 Terence


Innate Abilities, Weirdness & Mutations

You are small and have problems with some larger weapons.
You are carnivorous and can eat meat at any time.


Message History

The orc wizard flickers and vanishes!
Deactivating autopickup; reactivate with Ctrl-A.
An orc comes into view. It is wielding a +0 club.
The hobgoblin shouts!
You feel yourself speed up. The orc hits you but does no damage.
Terence says, "How do you enjoy it?" The orc barely misses you.
Terence hits you with a +0 hand axe.
* * * LOW HITPOINT WARNING * * *
A gnoll comes into view. It is wielding a +0 spear.
The gnoll shouts!
The gnoll shouts!
The gnoll barely misses you. The gnoll barely misses you.
A rat comes into view.
An orc comes into view. It is wielding a +0 whip.
The rat bites you but does no damage.
The gnoll shouts!
The gnoll hits you from afar with a +0 halberd!
You die...

...
#.#...............###
.#
#.......o#+##o@.....#
#.....g..+$.........#
.#........#'#o.......#
..........gg.........#
...#.....##...........#
.........+...>........#
.......r.#####........#
.....g.@........######
...g.#.....#....#
.....#.....#....# ###
.... #.....#....# ..#
..... #.....#.....
..###.......
#....##...... ...(..(.(
#....# .#......( #.....
.#.......


You could see 2 gnolls, an orc, a hobgoblin and a rat.

Vanquished Creatures
  A howler monkey (D:4)
  A worker ant (D:4)
  2 adders (D:2)
  A worm (D:2)
  4 dart slugs
  A leopard gecko (D:2)
  An orc (D:4)
  A ball python (D:1)
  6 bats
  6 giant cockroaches
  12 goblins
  3 hobgoblins
  3 jackals (D:1)
  A quokka (D:3)
  3 frilled lizards
  5 kobolds
  6 rats
57 creatures vanquished.

Notes
Turn   | Place    | Note
-------+----------+-------------------------------------------
     0 | D:1      | Aggronaut the Kobold Hunter began the quest for the Orb.
     0 | D:1      | Reached XP level 1. HP: 12/12 MP: 1/1
    46 | D:1      | Reached skill level 5 in Crossbows
   134 | D:1      | Reached XP level 2. HP: 17/17 MP: 2/2
   335 | D:1      | Reached XP level 3. HP: 21/21 MP: 3/3
   683 | D:1      | Reached skill level 6 in Crossbows
  1169 | D:2      | Found a white marble altar of Elyvilon.
  1244 | D:2      | Reached XP level 4. HP: 26/26 MP: 4/4
  1330 | D:2      | Found a blossoming altar of Fedhas.
  2066 | D:3      | Noticed Terence
  2232 | D:4      | Reached XP level 5. HP: 30/30 MP: 5/5
  2249 | D:4      | Found Hoss's Jewellery Emporium.
  2325 | D:4      | Reached skill level 1 in Short Blades
  2325 | D:4      | Reached skill level 7 in Crossbows
  2425 | D:3      | Slain by a gnoll

Skill      XL: |  1  2  3  4  5 |
---------------+----------------+-----
Crossbows      | 5 6 7 |  7.0
Stealth        | 2 3 |  3.5
Short Blades   | 1 |  1.4
Fighting       | |  2.2
Dodging        | |  2.4

Action                   |  1- 3 |  4- 6 || total
-------------------------+-------+-------++-------
Melee: Short sword       |    55 |    56 ||   111
 Fire: Hand crossbow     |    49 |    26 ||    75
  Use: Scroll            |       |     4 ||     4
       Potion            |       |     3 ||     3
 Stab: Sleeping          |     1 |       ||     1
  Eat: Chunk             |     9 |     4 ||    13
Armor: Leather armour    |     9 |       ||     9
       Ring mail         |     2 |    22 ||    24
Dodge: Dodged            |    73 |    69 ||   142
